 Dungeon Crawl Stone Soup version 0.31-a0-1612-g4aaf141004 (webtiles) character file.

Game seed: 12630594265067719455

218 Curundu the Chopper (level 5, -4/46 HPs)
             Began as a Minotaur Berserker on Jan 9, 2024.
             Was a Priest of Trog.
             Slain by an ogre
             ... wielding a +0 giant spiked club
              (29 damage)
             ... on level 4 of the Dungeon.
             The game lasted 00:08:15 (2400 turns).

Curundu the Chopper (Minotaur Berserker)            Turns: 2400, Time: 00:08:16

Health: -4/46      AC:  8    Str: 24    XL:     5   Next: 63%
Magic:  4/4        EV: 10    Int:  4    God:    Trog [***...]
Gold:   170        SH:  0    Dex:  9    Spells: 4/4 levels left

rFire   . . .        a - +1 hand axe
rCold   . . .        (no shield)
rNeg    . . .        c - +0 scale mail
rPois   .            (helmet restricted)
rElec   .            n - +0 cloak
rCorr   .            (no gloves)
SInv    .            (no boots)
Will    .....        (no amulet) Stlth
                     (no ring)
HPRegen 0.27/turn    (no ring)
MPRegen 0.09/turn

%: no passive effects
@: no status effects
A: horns 2, retaliatory headbutt
a: Renounce Religion, Berserk, Trog's Hand


You were on level 4 of the Dungeon.
You worshipped Trog.
Trog was most pleased with you.
You visited 1 branch of the dungeon, and saw 4 of its levels.

You collected 170 gold pieces.

Inventory:

Hand Weapons
 a - a +1 hand axe (weapon)
Missiles
 e - 4 poisoned darts (quivered)
 p - 3 javelins
Armour
 b - a +0 animal skin
 c - a +0 scale mail (worn)
 n - a +0 cloak (worn)
Jewellery
 d - a ring of protection from cold
 g - a ring of flight
Wands
 j - a wand of flame (17)
Scrolls
 f - 3 scrolls of revelation {unknown}
 l - 2 scrolls of teleportation {unknown}
Potions
 h - a potion of curing {unknown}
 i - a potion of magic {unknown}
 k - a potion of heal wounds {unknown}
 m - 2 potions of cancellation {unknown}
 o - a potion of brilliance
 q - a potion of attraction {unknown}
 r - a potion of degeneration {unknown}


   Skills:
 - Level 4.3 Fighting
 + Level 6.5 Axes
 - Level 3.3 Armour
 - Level 3.0 Dodging


You had 4 spell levels left.
You didn't know any spells.
Your spell library was empty.

Dungeon Overview and Level Annotations

Branches:
Dungeon (4/15)
 Temple: D:4-7

Altars:
Qazlal

Shops:
D:1 ?   D:4 (


Innate Abilities, Weirdness & Mutations

You have a pair of horns on your head.
You reflexively headbutt those who attack you in melee.


Message History

A quokka is nearby!
An iguana comes into view.
Found a stone staircase leading up.
The iguana hisses angrily.
The quokka barely misses you.
An ogre comes into view. It is wielding a +0 giant spiked club.
The ogre shouts!
You hit the quokka but do no damage.
The quokka bites you but does no damage.
You closely miss the quokka. You headbutt the quokka.
You kill the quokka!
Trog accepts your kill.
You completely miss the iguana. The iguana completely misses you.
You furiously retaliate!
You headbutt the iguana! You hit the iguana.
You kill the iguana!
Trog accepts your kill.
You see here a quokka corpse.
You hit the ogre. Your headbutt misses the ogre.
The ogre is lightly wounded.
The ogre hits you with a +0 giant spiked club.
You hit the ogre.
The ogre is moderately wounded.
You hit the ogre. Your headbutt misses the ogre.
The ogre is moderately wounded.
The ogre barely misses you.
You hit the ogre but do no damage.
The ogre is moderately wounded.
The ogre hits you with a +0 giant spiked club!!
You hit the ogre.
You headbutt the ogre, but do no damage.
The ogre is heavily wounded.
You hit the ogre.
The ogre is severely wounded.
The ogre barely misses you.
You completely miss the ogre. Your headbutt misses the ogre.
The ogre is severely wounded.
The ogre hits you with a +0 giant spiked club!!
Ouch! That really hurt!
You die...

###.........
###.......#...
###.....#.......
#...............
#.#....>.......#
#.#.............
#####..............#
#.......#...........
###@#####.#.........
#....O# #.#..###..##
#.....# #....##...##
#.....# ###.###.....
#....<# +# #...##
#.....# #.. #.....#
#. #.....# #


You could see an ogre.

Vanquished Creatures
  A bombardier beetle (D:3)
  An orc priest (D:4)
  An iguana (D:4)
  4 adders
  A dart slug (D:3)
  4 ribbon worms
  5 orcs (D:4)
  8 bats
  7 endoplasms
  4 giant cockroaches
  3 goblins
  6 hobgoblins
  4 jackals (D:2)
  4 quokkas
  4 ball pythons
  6 frilled lizards
  7 kobolds
  9 rats
79 creatures vanquished.

Notes
Turn   | Place    | Note
-------+----------+-------------------------------------------
     0 | D:1      | Curundu the Minotaur Berserker began the quest for the Orb.
     0 | D:1      | Reached XP level 1. HP: 19/19 MP: 0/0
    52 | D:1      | Found Anaated's Magic Scroll Boutique.
   272 | D:1      | Reached XP level 2. HP: 27/27 MP: 1/1
   274 | D:1      | Found a faded altar of an unknown god.
   688 | D:2      | Reached ** piety under Trog
   689 | D:2      | Reached skill level 4 in Axes
   733 | D:2      | Reached XP level 3. HP: 33/33 MP: 2/2
  1192 | D:2      | Reached XP level 4. HP: 39/40 MP: 3/3
  1450 | D:3      | Reached skill level 5 in Axes
  1683 | D:3      | Reached XP level 5. HP: 46/46 MP: 4/4
  1914 | D:3      | Found a stormy altar of Qazlal.
  2191 | D:4      | Found Ciagh's Weapon Boutique.
  2197 | D:4      | Reached *** piety under Trog
  2217 | D:4      | Reached skill level 6 in Axes
  2388 | D:4      | Noticed an ogre
  2400 | D:4      | Slain by an ogre

Illustrated notes

Levels and vault maps discovered:
D:1:      heliophobic_arrival_glass_houses, layout_loops_ring, serial_shops,
          shop, dreamdust_ecumenical_altar_statues, dreamdust_mushroom_princess,
          amcnicky_mini_pool_small
D:2:      layout_loops_cross, minmay_tetromino_s2
D:3:      layout_basic, mainiacjoe_overflow_cross_hatched
D:4:      layout_basic, temple_statues, serial_shops, nicolae_shop_rolled_up,
          nicolae_shop_bloodbath_and_beyond, nicolae_shop_rolled_up,
          uniq_duvessa

Skill      XL: |  1  2  3  4  5 |
---------------+----------------+-----
Axes           | 4 5 6 |  6.5
Fighting       | 4 |  4.3
Armour         | 3 |  3.3
Dodging        | 3 |  3.0

Action                     |  1- 3 |  4- 6 || total
---------------------------+-------+-------++-------
  Melee: Hand axe          |    93 |    88 ||   181
         Headbutt          |    16 |    14 ||    30
         Punch             |       |     1 ||     1
    Use: Scroll            |       |     5 ||     5
 Armour: Scale mail        |    63 |    42 ||   105
         Animal skin       |     4 |       ||     4
  Dodge: Dodged            |    42 |    45 ||    87

Table legend: (Time is in decaauts)
 A = Elapsed time spent in this place.
 B = Non-inter-level travel time spent in this place.
 C = Inter-level travel time spent in this place.
 D = Time resting spent in this place.
 E = Time spent auto-exploring this place.
 F = Levels seen in this place.
 G = Mean time per level.
                   A        B        C        D        E       F      G
               +--------+--------+--------+--------+--------+-----+--------+
         Total |   2410 |   2410 |      0 |     39 |   1719 |   4 |  602.5 |
       Dungeon |   2410 |   2410 |      0 |     39 |   1719 |   4 |  602.5 |
               +--------+--------+--------+--------+--------+-----+--------+

Top non-repeatable levels by time:
     D:3: 786 daAuts
     D:2: 708 daAuts
     D:1: 686 daAuts
     D:4: 228 daAuts
